 Dungeon Crawl Stone Soup version 0.20.1-1-g8b1a95d (webtiles) character file.

89 polly the Ruffian (level 4, -2/33 HPs)
             Began as a Demonspawn Gladiator on Dec 16, 2017.
             Slain by a gnoll
             ... wielding a +0 halberd
              (14 damage)
             ... on level 2 of the Dungeon.
             The game lasted 00:01:25 (1293 turns).

polly the Ruffian (Demonspawn Gladiator)            Turns: 1293, Time: 00:01:26

Health: -2/33      AC:  7    Str: 16    XL:     4   Next: 31%
Magic:  4/4        EV: 13    Int:  9    God:
Gold:   84         SH:  0    Dex: 14    Spells: 3/3 levels left

rFire    . . .     SeeInvis .     - Unarmed
rCold    . . .     Gourm    .   (no shield)
rNeg     . . .     Faith    .   a - +0 leather armour
rPois    .         Spirit   .   b - +0 helmet
rElec    .         Reflect  .   (no cloak)
rCorr    .         Harm     .   (no gloves)
MR       .....                  (no boots)
Stlth    +.........             (no amulet)
Regen    0.2/turn               (no ring)
MPRegen  0.1/turn               (no ring)

@: no status effects
A: thin metallic scales 2
a: no special abilities


You were on level 2 of the Dungeon.
You were hungry.

You visited 1 branch of the dungeon, and saw 2 of its levels.

You collected 84 gold pieces.

Inventory:

Missiles
 c - 3 throwing nets (quivered)
Armour
 a - a +0 leather armour (worn)
 b - a +0 helmet (worn)
Jewellery
 e - a cursed -2 ring of strength {unknown}
Scrolls
 j - a scroll of immolation {unknown}
 k - a scroll of amnesia {unknown}
 m - a scroll of remove curse {unknown}
Potions
 i - a potion of resistance {unknown}
 l - a potion of might {unknown}
 n - a potion of brilliance {unknown}
 p - a potion of curing {unknown}
Comestibles
 d - a bread ration
 f - 2 meat rations
 g - 4 fruits
 h - a royal jelly
 o - a chunk of flesh


   Skills:
 + Level 2.2 Fighting
 + Level 1.7 Throwing
 + Level 1.0 Armour
 + Level 3.4 Dodging
 + Level 0.4 Stealth
 + Level 3.7 Unarmed Combat


You had 3 spell levels left.
You didn't know any spells.

Dungeon Overview and Level Annotations

Branches:
Dungeon (2/15)

Altars:
Trog


Innate Abilities, Weirdness & Mutations

You are mostly covered in thin metallic scales. (AC +3)


Message History

You are too injured to fight recklessly!
You are too injured to fight recklessly!
You are too injured to fight recklessly!
You are too injured to fight recklessly!
You are too injured to fight recklessly!
You are too injured to fight recklessly!
You are too injured to fight recklessly!
You are too injured to fight recklessly!
You are too injured to fight recklessly!
You are too injured to fight recklessly!
You are too injured to fight recklessly!
You are too injured to fight recklessly!
You hit the gnoll.
You kill the gnoll!
Your Armour skill increases to level 1!
The gnoll hits you but does no damage.
You hit the gnoll.
The gnoll is heavily wounded.
The gnoll hits you with a halberd!
You die...

.. #.. .. .# ####.###
#......# ### #..g...#
#.# #.)@...# #.#
#.)....# #.# # #......#
#.# ###### #......# #.#
#..... #......#
#.###...#.
#......####.#.......
###..)........#...##
#.#...............
######.#...............


You could see a gnoll.

Vanquished Creatures
  2 gnolls (D:2)
  2 adders (D:2)
  An ooze (D:1)
  A worm (D:2)
  A leopard gecko (D:2)
  3 bats
  A giant cockroach (D:2)
  6 goblins
  3 hobgoblins
  9 jackals
  A quokka (D:2)
  4 frilled lizards
  3 kobolds
  8 rats
45 creatures vanquished.

Notes
Turn   | Place    | Note
-------+----------+-------------------------------------------
     0 | D:1      | polly the Demonspawn Gladiator began the quest for the Orb.
     0 | D:1      | Reached XP level 1. HP: 16/16 MP: 1/1
   253 | D:1      | Gained mutation: You are partially covered in thin metallic scales. (AC +2) [demonic ancestry]
   253 | D:1      | Reached XP level 2. HP: 9/22 MP: 2/2
   686 | D:1      | Gained mutation: You are mostly covered in thin metallic scales. (AC +3) [demonic ancestry]
   686 | D:1      | Reached XP level 3. HP: 19/27 MP: 3/3
  1200 | D:2      | Reached XP level 4. HP: 27/33 MP: 4/4
  1213 | D:2      | Found a bloodstained altar of Trog.
  1291 | D:2      | Reached skill level 1 in Armour
  1293 | D:2      | Slain by a gnoll

Skill      XL: |  1  2  3  4 |
---------------+-------------+-----
Dodging        | 3 |  3.4
Unarmed Combat | 3 |  3.7
Armour         | 1 |  1.0
Fighting       | |  2.2
Throwing       | |  1.7
Stealth        | |  0.4

Action                   |  1- 3 |  4- 6 || total
-------------------------+-------+-------++-------
Melee: Unarmed           |   175 |    21 ||   196
       Punch             |     1 |     2 ||     3
 Stab: Sleeping          |     1 |       ||     1
  Eat: Chunk             |     1 |       ||     1
Armor: Leather armour    |    71 |     2 ||    73
Dodge: Dodged            |   150 |    16 ||   166
